 Dungeon Crawl Stone Soup version 0.26.0-15-gc6cd9f700b (webtiles) character file.

Game seed: 6624262225418619820

144824 teolandon225 the Severer (level 17, -5/156 HPs)
             Began as a Hill Orc Monk on Jan 16, 2021.
             Was the Champion of Beogh.
             Slain by a five-headed hydra (17 damage)
             ... on level 4 of the Swamp.
             The game lasted 01:20:10 (37841 turns).

teolandon225 the Severer (Hill Orc Monk)           Turns: 37841, Time: 01:20:10

Health: -5/156     AC: 28    Str: 27    XL:     17   Next: 40%
Magic:  28/28      EV: 14    Int: 13    God:    Beogh [******]
Gold:   1452       SH: 19    Dex: 20    Spells: 16/16 levels left

rFire    + . .     SeeInvis .   j - +4 war axe of Arrival {speed, Str+2}
rCold    + + .     Faith    .   z - +0 kite shield
rNeg     + . .     Spirit   .   b - +6 plate armour {rF+}
rPois    .         Reflect  +   x - +1 hat of Muttered Phrases {rN+ Str+4 Int+3 Dex+4}
rElec    .         Harm     .   g - +0 cloak
rCorr    .         Rampage  .   s - +2 pair of gloves {Dex+3}
Will     ++...                  (no boots)
Stlth    ..........             y - amulet of reflection
HPRegen  0.36/turn              f - ring of Secrets {rC+ Will+}
MPRegen  0.21/turn              e - ring of protection from cold

@: no status effects
A: walk on water
a: Renounce Religion, Smiting, Recall Orcish Followers, Give Item to Named
Follower, Resurrection


You were on level 4 of the Swamp.
You worshipped Beogh.
Beogh was exalted by your worship.
You visited 4 branches of the dungeon, and saw 27 of its levels.
You also visited: Sewer, Bailey and Ice Cave.

You collected 3271 gold pieces.
You spent 1819 gold pieces at shops.

Inventory:

Hand Weapons
 j - the +4 war axe of Arrival (weapon) {speed, Str+2}
   (You found it on level 3 of the Lair of Beasts)

   Attacks with this weapon are significantly faster.
   It affects your strength (+2).
 I - the +9 mace "Inoly" {vorpal, *Corrode rPois rF+ SInv}
   (You took it off a big kobold on level 14 of the Dungeon)

   It inflicts extra damage upon your enemies.
   It protects you from fire.
   It protects you from poison.
   It lets you see invisible.
   It may corrode you when you take damage.
Missiles
 d - a throwing net (quivered)
Armour
 b - a +6 plate armour of fire resistance (worn)
 g - a +0 cloak (worn)
 n - the +1 ice dragon scales "Xaedap" {rF- rC++ Int+6}
   (You found it in an ice cave)

   It affects your intelligence (+6).
   It makes you vulnerable to fire.
   It greatly protects you from cold.
 s - a +2 pair of gloves of dexterity (worn)
 x - the +1 hat of Muttered Phrases (worn) {rN+ Str+4 Int+3 Dex+4}
   (You found it on level 13 of the Dungeon)

   It affects your strength (+4).
   It affects your intelligence (+3).
   It affects your dexterity (+4).
   It protects you from negative energy.
 z - a +0 kite shield (worn)
 O - a +2 plate armour of willpower
Jewellery
 e - a ring of protection from cold (right hand)
 f - the ring of Secrets (left hand) {rC+ Will+}
   (You acquired it on level 9 of the Dungeon)

   [ring of protection from cold]

   It protects you from cold.
   It affects your willpower, your defense against some magical effects.
 w - a +6 ring of dexterity
 y - an amulet of reflection (around neck)
 D - an uncursed ring of ice
 H - an uncursed amulet of guardian spirit
 L - an uncursed ring of magical power
 P - an uncursed amulet of magic regeneration
 R - an uncursed ring of willpower
 W - an uncursed ring of see invisible
Wands
 l - a wand of flame (35)
 m - a wand of acid (5)
 r - a wand of enslavement (8)
 v - a wand of iceblast (15)
 G - a wand of digging (3)
 U - a wand of disintegration (45)
 Z - a wand of random effects (12)
Scrolls
 a - 3 scrolls of blinking
 c - 3 scrolls of identify
 h - a scroll of fog
 k - a scroll of fear
 p - 2 scrolls of magic mapping
 t - 18 scrolls of teleportation
 A - a scroll of torment
 B - 16 scrolls of remove curse
 F - 7 scrolls of enchant weapon
 M - 4 scrolls of amnesia
 V - 3 scrolls of brand weapon
 Y - a scroll of holy word
Potions
 o - 3 potions of flight
 q - 4 potions of mutation
 u - 7 potions of curing
 C - 4 potions of magic
 E - 3 potions of cancellation
 J - 4 potions of haste
 K - 2 potions of resistance
 N - a potion of heal wounds
 Q - 2 potions of brilliance
 S - a potion of invisibility
 T - 6 potions of might
 X - 10 potions of ambrosia


   Skills:
 * Level 15.0 Fighting
 + Level 2.8 Short Blades
 - Level 16.0(16.4) Axes
 * Level 4.0(10.0) Maces & Flails
 - Level 4.1(10.0) Polearms
 + Level 13.4 Armour
 - Level 9.5 Dodging
 - Level 1.5 Stealth
 + Level 12.4 Shields
 + Level 15.2 Invocations


You had 16 spell levels left.
You didn't know any spells.
Your spell library contained the following spells:

 Spells                   Type           Power        Failure   Level
 Beastly Appendage        Tmut           0%           97%         1
 Corona                   Hex            0%           97%         1
 Freeze                   Ice            0%           97%         1
 Magic Dart               Conj           0%           97%         1
 Pain                     Necr           0%           97%         1
 Sandblast                Erth           0%           97%         1
 Shock                    Conj/Air       0%           97%         1
 Summon Small Mammal      Summ           0%           97%         1
 Blink                    Tloc           N/A          99%         2
 Call Imp                 Summ           0%           99%         2
 Ensorcelled Hibernation  Hex/Ice        0%           99%         2
 Searing Ray              Conj           0%           99%         2
 Slow                     Hex            0%           99%         2
 Swiftness                Air            0%           99%         2
 Wereblood                Tmut           0%           99%         2
 Call Canine Familiar     Summ           0%           100%        3
 Confusing Touch          Hex            0%           100%        3
 Conjure Flame            Conj/Fire      0%           100%        3
 Dazzling Flash           Conj/Hex       0%           100%        3
 Frozen Ramparts          Ice            0%           100%        3
 Ignite Poison            Fire/Tmut/Pois 0%           100%        3
 Mephitic Cloud           Conj/Pois/Air  0%           100%        3
 Ozocubu's Armour         Ice            0%           100%        3
 Spider Form              Tmut/Pois      0%           100%        3
 Static Discharge         Conj/Air       0%           100%        3
 Summon Guardian Golem    Hex/Summ       0%           100%        3
 Tukima's Dance           Hex            0%           100%        3
 Airstrike                Air            0%           100%        4
 Fulminant Prism          Conj/Hex       0%           100%        4
 Hailstorm                Conj/Ice       0%           100%        4
 Ice Form                 Ice/Tmut       0%           100%        4
 Iskenderun's Mystic Bla  Conj/Tloc      0%           100%        4
 Summon Ice Beast         Ice/Summ       0%           100%        4
 Summon Lightning Spire   Summ/Air       0%           100%        4
 Blade Hands              Tmut           0%           100%        5
 Fireball                 Conj/Fire      0%           100%        5
 Lightning Bolt           Conj/Air       0%           100%        5
 Starburst                Conj/Fire      0%           100%        6
 Ignition                 Fire           0%           100%        8


Dungeon Overview and Level Annotations

Branches:
Dungeon (15/15)            Temple (0/1) D:4            Lair (6/6) D:8
  Swamp (4/4) Lair:2        Snake (0/4) Lair:3        Slime (0/5) Lair:5
    Orc (2/2) D:12            Elf (0/3) Orc:2        Vaults (0/5) D:14
 Depths (0/5) D:15          Sewer (visited)          Bailey (visited)
  IceCv (visited)

Altars:
Ashenzari
Fedhas
Gozag
Hepliaklqana
Kikubaaqudgha
Makhleb
Nemelex Xobeh
Okawaru
Qazlal
Sif Muna
Trog
Vehumet
Wu Jian
Xom
Zin
Beogh
Jiyva

Shops:
D:8 ![   D:14 *((*(   Orc:2 *=!*

Annotations:
D:4 exclusion: downstairs
D:5 exclusion: downstairs
Lair:1 exclusion: oklob plant
Orc:2 exclusion: 2 upstairs


Message History

The eight-headed hydra bites you but does no damage.
You block the eight-headed hydra's attack. x2
The eight-headed hydra closely misses you.
The eight-headed hydra bites you!!
* * * LOW HITPOINT WARNING * * *
The eight-headed hydra bites you!
* * * LOW HITPOINT WARNING * * *
The eight-headed hydra bites you but does no damage.
The eight-headed hydra barely misses you.
The spriggan rider closely misses Bogrim.
Agrik is engulfed in poison gas.
Agrik looks as sick as possible!
You block the spriggan's attack.
The spriggan hits your orc knight with a +0 war axe of electrocution.
The spriggan rider blocks Bogrim's attack.
The five-headed hydra closely misses you.
The five-headed hydra bites you.
* * * LOW HITPOINT WARNING * * *
The five-headed hydra bites you!
You die...

.#+####)o.≈o.o≈≈≈≈≈≈≈≈≈...≈≈.♣
≈....(#)♣♣♣♣♣o≈≈≈i.≈≈≈≈≈≈.≈≈.♣
8.(....D♣♣♣≈♣D§≈≈≈.♣§≈≈≈♣♣≈.♣♣
.......i♣♣...♣♣..≈≈.....♣♣..♣
....≈..♣.≈≈≈.♣♣♣♣♣i[♣♣♣♣♣♣♣♣
.###...≈♣≈≈≈≈.§♣♣♣○○○♣
..≈..≈..kD≈≈≈≈<°○oo○○♣
≈.≈.....≈.§≈≈°°iooo°○♣
8.8..).≈≈≈♣n≈D@D°°oo°♣♣♣♣
...≈≈.#§≈.≈.≈k°○≈.......♣
.#+####≈≈.♣♣≈≈°°≈.≈♣...♣♣
##≈♣♣♣♣.≈≈≈.♣♣..≈♣ #.≈
♣§≈≈≈≈≈≈≈..♣♣ #..
♣.≈≈≈§≈≈.<(♣♣♣♣♣♣♣
#≈♣♣♣♣.≈≈≈≈≈.((.♣♣..≈♣
♣♣≈≈≈≈≈≈§≈.♣♣o≈♣♣
♣≈.≈≈≈≈)≈oooo.♣


You could see an eight-headed hydra (strong), a five-headed hydra (strong), a
four-headed hydra, a spriggan rider, a bog body, 2 swamp drakes, a spriggan, the
friendly Alork the orc warlord (strong, very poisoned), 3 friendly orc knights,
the friendly Agrik the orc knight (strong, extremely poisoned), the friendly
Bogrim the orc knight (strong, very poisoned) and the friendly Korbok the orc
knight (strong, very poisoned).

Vanquished Creatures
  A fire giant (D:14)
  2 orc warlords
  The ghost of Imiczer the Cleaver, a journeyman FoFi of Okawaru (D:14)
  An eleionoma (Swamp:1)
  A boulder beetle (D:11)
  4 hydras
  A catoblepas (D:13)
  2 alligators
  A centaur warrior (D:13)
  5 two-headed ogres
  Erica (Lair:2)
  4 death yaks
  A skeletal warrior (D:13)
  2 unseen horrors
  A spriggan druid (Swamp:3)
  A swamp dragon (Swamp:2)
  4 bog bodies
  A harpy (D:14)
  3 deep elf magi
  4 ugly things
  5 orc sorcerers
  A salamander (shapeshifter) (D:13)
  A centaur zombie (D:15)
  2 manticores
  2 cyclopes
  10 elephants
  3 ice statues (IceCv)
  3 cane toads
  A rime drake (D:15)
  A kobold demonologist (D:15)
  3 yaktaurs
  4 komodo dragons
  A queen bee (D:11)
  6 trolls
  3 polar bears
  2 tyrant leeches (Swamp:3)
  8 hornets
  4 blink frogs
  7 dream sheep
  11 spriggans
  2 wyverns
  2 wraiths
  A vampire (D:13)
  26 yaks
  Eustachio (D:6)
  2 basilisks
  5 vampire mosquitoes
  A soldier ant (D:11)
  A naga (Lair:3)
  12 water moccasins
  7 swamp worms
  8 ice beasts
  Duvessa (D:4)
  13 orc warriors
  3 sky beasts
  A black bear (D:8)
  6 ogres
  A boggart (D:14)
  14 centaurs
  3 phantoms
  9 wolves
  A lemure (D:9)
  2 big kobolds
  10 bullfrogs
  Dowan (D:4)
  A wyvern skeleton (D:13)
  3 scorpions
  12 killer bees
  10 wights
  An electric eel (Lair:3)
  4 howler monkeys
  A bullfrog zombie (D:10)
  2 hounds (D:8)
  8 jellies
  A gnoll shaman (D:8)
  6 orc wizards
  2 orc priests (Orc:2)
  A bullfrog skeleton (D:5)
  4 centaur skeletons
  Terence (D:3)
  An iguana (D:4)
  5 worker ants
  A killer bee zombie (D:7)
  A hound skeleton (D:5)
  9 gnolls
  10 adders
  3 river rats (Sewer)
  A shadow imp (D:10)
  A white imp (D:5)
  4 ufetubi
  2 oozes
  An adder skeleton (D:3)
  A dart slug (D:3)
  7 worms
  4 leopard geckos
  22 orcs
  3 ball pythons
  5 bats
  5 giant cockroaches
  15 goblins
  8 hobgoblins
  14 jackals
  4 quokkas
  9 frilled lizards
  A jackal zombie (D:7)
  26 kobolds
  10 rats
482 creatures vanquished.

Vanquished Creatures (collateral kills)
  Jorgrun (Swamp:3)
  An orc warlord (Orc:2)
  A fire giant (D:15)
  3 bunyips
  The ghost of hawla the Destroyer, a journeyman DrCj of Gozag (Lair:2)
  An eleionoma (Swamp:3)
  Snorg (Lair:4)
  A shambling mangrove (Swamp:3)
  14 hydras
  4 boulder beetles
  2 centaur warriors
  A catoblepas (Lair:6)
  2 two-headed ogres
  4 alligators
  8 death yaks
  A deep troll shaman (Lair:6)
  4 orc high priests
  8 spriggans
  A deep elf knight (D:14)
  3 goliath frogs
  An unseen horror (D:12)
  2 spriggan druids (Swamp:4)
  Pikel (D:9)
  6 swamp dragons
  An orc knight (Orc:2)
  3 deep elf magi
  3 oklob plants (Lair:1)
  5 ugly things
  A salamander (shapeshifter) (D:15)
  5 cyclopes
  18 elephants
  6 black mambas
  A torpor snail (Lair:5)
  6 cane toads
  2 rime drakes
  2 efreet (D:15)
  12 komodo dragons
  A kobold demonologist (D:12)
  4 yaktaurs
  A polar bear (Lair:6)
  3 meliai (D:14)
  12 tyrant leeches
  A bloated husk (Swamp:2)
  4 trolls
  12 hornets
  3 dream sheep
  11 blink frogs
  2 wyverns
  A vampire (D:14)
  13 yaks
  2 wraiths
  4 basilisks
  4 wargs (Orc:2)
  10 swamp worms
  3 acid dragons
  2 nagas (Lair:3)
  7 water moccasins
  A swamp drake (Swamp:4)
  14 orc warriors
  A necrophage (D:10)
  4 ogres
  9 centaurs
  18 wolves
  A lemure (D:9)
  3 big kobolds (D:14)
  10 bullfrogs
  A gnoll sergeant (Orc:1)
  2 scorpions
  13 killer bees
  2 wights (D:11)
  7 orc priests (Orc:2)
  3 hounds
  An iguana (D:13)
  4 orc wizards
  2 worker ants
  4 gnolls (Orc:1)
  An adder (D:10)
  A shadow imp (D:9)
  11 orcs
  3 kobolds
353 creatures vanquished.

Vanquished Creatures (others)
  9 orc knights
  3 orc sorcerers
  2 orc high priests
  A bloated husk (Swamp:1)
  A spriggan (Swamp:4)
  16 orc warriors
  14 orc wizards
  A centaur (D:15)
  13 orc priests
  63 orcs
  A goblin (D:7)
  100 fungi
  76 plants
  6 withered plants (D:3)
306 creatures vanquished.

Grand Total: 1141 creatures vanquished

Notes
Turn   | Place    | Note
-------+----------+-------------------------------------------
     0 | D:1      | teolandon225 the Hill Orc Monk began the quest for the Orb.
     0 | D:1      | Reached XP level 1. HP: 19/19 MP: 1/1
   114 | D:1      | Reached XP level 2. HP: 26/27 MP: 2/2
  1079 | D:2      | Reached skill level 1 in Armour
  1117 | D:2      | Found a shimmering altar of Xom.
  1123 | D:2      | Reached XP level 3. HP: 31/33 MP: 3/3
  1539 | D:2      | Reached skill level 5 in Axes
  1636 | D:2      | Reached XP level 4. HP: 36/40 MP: 4/4
  2316 | D:3      | Found an ancient bone altar of Kikubaaqudgha.
  2378 | D:3      | Noticed Terence
  2391 | D:3      | Killed Terence
  2422 | D:3      | Reached XP level 5. HP: 46/47 MP: 5/5
  2844 | D:3      | Reached skill level 6 in Axes
  3398 | D:4      | Found a staircase to the Ecumenical Temple.
  3398 | D:4      | Noticed a centaur
  3413 | D:4      | Killed a centaur
  3414 | D:4      | Reached XP level 6. HP: 21/55 MP: 6/6
  3627 | D:4      | Found a glowing drain.
  3635 | Sewer    | Entered a sewer
  3644 | Sewer    | Reached skill level 5 in Fighting
  4050 | Sewer    | Reached skill level 7 in Axes
  4079 | Sewer    | Found a white marble altar of Elyvilon.
  4646 | D:4      | Noticed a phantom
  4674 | D:4      | Killed a phantom
  4675 | D:4      | Reached XP level 7. HP: 51/61 MP: 7/7
  4860 | D:4      | Found a bloodstained altar of Trog.
  4860 | D:4      | Noticed Duvessa
  4894 | D:4      | Killed Duvessa
  5015 | D:4      | Noticed Dowan
  5021 | D:4      | Found a shimmering blue altar of Sif Muna.
  5028 | D:4      | Killed Dowan
  5033 | D:4      | Identified Sif Muna's Catalogue of Dark Secrets and Clay
  5211 | D:5      | Entered Level 5 of the Dungeon
  5229 | D:5      | Found a burning altar of Makhleb.
  5325 | D:5      | Reached skill level 8 in Axes
  5325 | D:5      | Found a glowing silver altar of Zin.
  5325 | D:5      | Noticed an angel
  5325 | D:5      | Noticed a cacodemon
  5852 | D:5      | Reached XP level 8. HP: 67/70 MP: 8/8
  6905 | D:6      | Reached skill level 1 in Shields
  7137 | D:6      | Reached skill level 9 in Axes
  7216 | D:6      | Noticed Eustachio
  7233 | D:6      | Noticed a yak
  7233 | D:6      | Noticed a yak
  7236 | D:6      | Noticed a yak
  7237 | D:6      | Noticed a yak
  7257 | D:6      | Killed Eustachio
  7261 | D:6      | Killed a yak
  7265 | D:6      | Killed a yak
  7266 | D:6      | Reached skill level 5 in Armour
  7266 | D:6      | Killed a yak
  7267 | D:6      | Reached skill level 10 in Axes
  7267 | D:6      | Reached XP level 9. HP: 32/78 MP: 9/9
  7862 | D:6      | Noticed a troll
  8855 | D:6      | Found a shimmering blue altar of Sif Muna.
  9410 | D:6      | Killed a troll
  9411 | D:6      | Reached skill level 5 in Dodging
  9684 | D:7      | Found a flagged portal.
  9689 | D:7      | Became a worshipper of Beogh the Brigand
  9689 | D:7      | Reached * piety under Beogh
  9689 | D:7      | Reached ** piety under Beogh
  9713 | Bailey   | Entered a bailey
  9718 | Bailey   | Noticed an orc warlord
  9825 | Bailey   | Found a runed translucent gate.
  9825 | Bailey   | Found a runed translucent gate.
  9850 | Bailey   | Found a runed translucent gate.
 10153 | Bailey   | Killed an orc warlord
 10154 | Bailey   | Reached skill level 11 in Axes
 10154 | Bailey   | Reached XP level 10. HP: 45/88 MP: 9/12
 11041 | D:7      | You fall into a shaft and drop 1 floor!
 11042 | D:8      | Found Goagyshie's Armour Shop.
 11379 | D:8      | Reached skill level 12 in Axes
 11379 | D:8      | Reached skill level 5 in Shields
 11998 | D:8      | Found a sparkling altar of Nemelex Xobeh.
 12001 | D:8      | Found an ornate altar of the Wu Jian Council.
 12020 | D:8      | Found an opulent altar of Gozag.
 12044 | D:8      | Reached *** piety under Beogh
 12097 | D:8      | Found Fyibleve's Distillery.
 12127 | D:8      | Bought a potion of berserk rage for 70 gold pieces
 12127 | D:8      | Bought a potion of haste for 140 gold pieces
 12127 | D:8      | Bought a potion of resistance for 140 gold pieces
 12127 | D:8      | Bought a potion of haste for 140 gold pieces
 12127 | D:8      | Bought a potion of heal wounds for 70 gold pieces
 12127 | D:8      | Bought a potion of curing for 42 gold pieces
 12127 | D:8      | Bought a potion of curing for 42 gold pieces
 12188 | D:8      | Found Soitul's Gadget Boutique.
 12234 | D:8      | Found a staircase to the Lair.
 12687 | D:9      | Identified a scroll of acquirement
 12688 | D:9      | Acquired the ring of Secrets {rC+ Will+}
 12835 | D:9      | Found a broken altar of Ashenzari.
 13025 | D:9      | Found a stormy altar of Qazlal.
 13130 | D:9      | Found a radiant altar of Vehumet.
 13346 | D:9      | Found a hazy altar of Hepliaklqana.
 13450 | D:9      | Noticed Pikel
 13451 | D:9      | Found a blossoming altar of Fedhas.
 13465 | D:9      | Killed Pikel
 13548 | D:10     | Entered Level 10 of the Dungeon
 13993 | D:10     | Reached XP level 11. HP: 95/95 MP: 14/14
 14557 | Lair:1   | Entered Level 1 of the Lair of Beasts
 14801 | Lair:1   | Gained Alork as an ally
 14802 | Lair:1   | Reached skill level 5 in Invocations
 14973 | Lair:1   | Reached skill level 13 in Axes
 15075 | Lair:1   | Reached **** piety under Beogh
 16382 | Lair:1   | Noticed an oklob plant
 16382 | Lair:1   | Noticed an oklob plant
 16390 | Lair:1   | Killed an oklob plant
 16401 | Lair:1   | Killed an oklob plant
 16736 | Lair:2   | Noticed Erica
 16757 | Lair:2   | Killed Erica
 17189 | Lair:2   | Found a transporter.
 17196 | Lair:2   | Noticed a four-headed hydra
 17207 | Lair:2   | Killed a six-headed hydra
 17270 | Lair:2   | Noticed hawla's ghost (journeyman DrCj)
 17491 | Lair:2   | Reached skill level 14 in Axes
 17493 | Lair:2   | Reached XP level 12. HP: 88/106 MP: 16/16
 17613 | Lair:2   | Noticed a five-headed hydra
 17614 | Lair:2   | Gained Garbold as an ally
 17619 | Lair:2   | Noticed a four-headed hydra
 17623 | Lair:2   | Killed a six-headed hydra
 17629 | Lair:2   | Killed a four-headed hydra
 17630 | Lair:2   | Reached skill level 10 in Fighting
 18011 | Lair:2   | Found a transporter.
 18179 | Lair:3   | Noticed a boulder beetle
 18190 | Lair:3   | Killed a boulder beetle
 18489 | Lair:3   | Noticed a seven-headed hydra
 18490 | Lair:3   | Found a staircase to the Snake Pit.
 18496 | Lair:3   | Killed a six-headed hydra
 18496 | Lair:3   | Reached ***** piety under Beogh
 18573 | Lair:3   | Paralysed by a hornet for 3 turns
 19712 | Lair:3   | Identified the +4 war axe of Arrival {speed, Str+2} (You
                  | found it on level 3 of the Lair of Beasts)
 19934 | D:11     | Noticed a two-headed ogre
 19941 | D:11     | Killed a two-headed ogre
 19981 | D:11     | Noticed a two-headed ogre
 19989 | D:11     | Killed a two-headed ogre
 19990 | D:11     | Reached skill level 15 in Axes
 19990 | D:11     | Noticed a boulder beetle
 19998 | D:11     | Killed a boulder beetle
 20291 | D:11     | Found a sparkling altar of Nemelex Xobeh.
 21149 | D:12     | Reached XP level 13. HP: 114/114 MP: 19/19
 21887 | D:12     | Found a staircase to the Orcish Mines.
 22627 | Lair:4   | Reached ****** piety under Beogh
 22627 | Lair:4   | Gained Boderik as an ally
 22678 | Lair:4   | Reached skill level 16 in Axes
 22688 | Lair:4   | Noticed Snorg
 22694 | Lair:4   | Killed Snorg
 22695 | Lair:4   | Reached skill level 10 in Armour
 23600 | Lair:5   | Found a viscous altar of Jiyva.
 23600 | Lair:5   | Found a staircase to the Slime Pits.
 23670 | Lair:5   | Reached skill level 10 in Invocations
 24066 | Lair:6   | Entered Level 6 of the Lair of Beasts
 24071 | Lair:6   | Your ally Boderik died
 24148 | Lair:6   | Reached XP level 14. HP: 95/125 MP: 21/21
 24744 | Lair:6   | Reached skill level 10 in Shields
 25111 | Lair:6   | Your ally Garbold died
 25891 | Orc:1    | Entered Level 1 of the Orcish Mines
 26012 | Orc:2    | Entered Level 2 of the Orcish Mines
 26210 | Orc:2    | Found a roughly hewn altar of Beogh.
 26210 | Orc:2    | Noticed an orc warlord
 26226 | Orc:2    | Killed an orc warlord
 26605 | Orc:2    | Found Zemag's Assorted Antiques.
 26609 | Orc:2    | Bought a scroll of teleportation for 96 gold pieces
 26609 | Orc:2    | Bought a potion of heal wounds for 160 gold pieces
 26609 | Orc:2    | Bought a potion of haste for 320 gold pieces
 26609 | Orc:2    | Bought a scroll of identify for 64 gold pieces
 26615 | Orc:2    | Found Daang's Jewellery Shop.
 26952 | Orc:2    | Found a staircase to the Elven Halls.
 27196 | Orc:2    | Noticed an orc warlord
 27214 | Orc:2    | Killed an orc warlord
 27216 | Orc:2    | Found a roughly hewn altar of Beogh.
 27222 | Orc:2    | Gained Okrist as an ally
 27225 | Orc:2    | Gained Agrik as an ally
 27233 | Orc:2    | Gained Boruk as an ally
 27239 | Orc:2    | Gained Beowulf as an ally
 27617 | Orc:2    | Found Busi's Distillery.
 27625 | Orc:2    | Bought a potion of might for 68 gold pieces
 27625 | Orc:2    | Bought a potion of heal wounds for 85 gold pieces
 27625 | Orc:2    | Bought a potion of invisibility for 136 gold pieces
 27625 | Orc:2    | Bought a potion of curing for 51 gold pieces
 27644 | Orc:2    | Found Ziqadd's Assorted Antiques.
 27652 | Orc:2    | Bought a pair of glowing gloves for 195 gold pieces
 28706 | D:13     | Reached XP level 15. HP: 134/134 MP: 23/23
 28876 | D:13     | Your ally Okrist died
 29336 | D:13     | Reached XP level 16. HP: 127/144 MP: 25/25
 29337 | D:13     | Got a jewelled hat
 29339 | D:13     | Identified the +1 hat of Muttered Phrases {rN+ Str+4 Int+3
                  | Dex+4} (You found it on level 13 of the Dungeon)
 29424 | D:13     | Found an opulent altar of Gozag.
 30042 | D:14     | Found Zifakeny's Antique Weapon Boutique.
 30043 | D:14     | Found Heesiyri's Antique Weapon Shop.
 30108 | D:14     | Found Hyolor's Antique Weapon Shoppe.
 30184 | D:14     | Found a runed translucent gate.
 30184 | D:14     | Found a runed translucent gate.
 30184 | D:14     | Found a runed translucent gate.
 30186 | D:14     | Found an opulent altar of Gozag.
 30211 | D:14     | Identified the cursed +0 chain mail of Death's Door {rC++
                  | Will- Int+3} (You found it on level 14 of the Dungeon)
 30242 | D:14     | Found an iron altar of Okawaru.
 30444 | D:14     | Identified the +9 mace "Inoly" {vorpal, *Corrode rPois rF+
                  | SInv}
 30623 | D:14     | Found a gate to the Vaults.
 30806 | D:14     | Found Weseof's Assorted Antiques.
 30911 | D:14     | Found Noes's Assorted Antiques.
 30911 | D:14     | Noticed Imiczer's ghost (journeyman FoFi)
 31004 | D:14     | Killed Imiczer's ghost
 31442 | D:15     | Entered Level 15 of the Dungeon
 31458 | D:15     | Found a staircase to the Depths.
 31504 | D:15     | Gained Marbaugh as an ally
 31873 | D:15     | Found a frozen archway.
 31887 | IceCv    | Entered an ice cave
 32467 | IceCv    | Got amethyst-encrusted ice dragon scales
 32468 | IceCv    | Identified the +1 ice dragon scales "Xaedap" {rF- rC++
                  | Int+6} (You found it in an ice cave)
 33843 | Lair:2   | Found a staircase to the Swamp.
 33930 | Lair:2   | Killed hawla's ghost
 34003 | Swamp:1  | Entered Level 1 of the Swamp
 34156 | Swamp:1  | Gained Korbok as an ally
 35375 | Swamp:2  | Reached skill level 1 in Short Blades
 35375 | Swamp:2  | Reached XP level 17. HP: 149/154 MP: 28/28
 35589 | Swamp:2  | Reached skill level 1 in Maces & Flails
 36113 | Swamp:2  | Gained Blodwig as an ally
 36312 | Swamp:3  | Noticed Jorgrun
 36326 | Swamp:3  | Killed Jorgrun
 36327 | Swamp:3  | Reached skill level 15 in Invocations
 36331 | Swamp:3  | Gained Bogrim as an ally
 36468 | Swamp:3  | Identified the cursed -4 kite shield of the Harvest {Str+2
                  | Int+2 SInv} (You found it on level 3 of the Swamp)
 37085 | Swamp:4  | Entered Level 4 of the Swamp
 37369 | Swamp:4  | Your ally Beowulf died
 37369 | Swamp:4  | Your ally Boderik died
 37371 | Swamp:4  | Your ally Boruk died
 37381 | Swamp:4  | Your ally Marbaugh died
 37390 | Swamp:4  | Reached skill level 15 in Fighting
 37827 | Swamp:4  | Your ally Blodwig died
 37841 | Swamp:4  | Slain by a five-headed hydra

Illustrated notes

Levels and vault maps discovered:
D:1:      dpeg_arrival_oval, layout_loops_ring
D:2:      layout_basic, lemuel_round_altar, serial_curves, eino_curves_04,
          eino_curves_03, eino_curves_02
D:3:      layout_loops_ring, kiku_gazebo_garden_becter, uniq_terence
D:4:      layout_loops_ring, nzn_overflow_gifts_of_might_and_magic,
          minmay_temple_entry_waves, cheibrodos_sewer_entry_bend,
          minmay_crystal_room
D:5:      layout_rooms, grunt_temple_overflow_order_and_chaos_2,
          hangedman_decor_opposing
D:6:      layout_cave_pods, led_sif_pool, uniq_eustachio
D:7:      layout_loops_corners, enter_bailey_5
D:8:      layout_rooms, chequers_temple_overflow_statue_of_worship,
          nicolae_gozag_cash_rules_everything_around_me,
          due_lair_maze_entry_diamond, serial_shops, nicolae_shop_waterfront,
          shop, nicolae_shop_temple_entry_statues_fountains
D:9:      layout_loops_ring, old_standard_altar, grunt_qazlal_sundering,
          nicolae_ashenzari_panopticon, marbit_many_paths,
          fedhas_altar_fruit_tree, uniq_pikel
D:10:     layout_long_grid, hangedman_abyss_or_decor_passed
D:11:     layout_loops_ring, special_room [special_room_bee],
          nemelex_diamond_rough_becter
D:12:     layout_roguey, orc_0_dummy
D:13:     minmay_imperfect_grid, layout_basic, basic_altar
D:14:     layout_small_grid, hangedman_vaults_entry_quadrant_bands,
          ebering_ghost_gozag, serial_shops, nicolae_shop_statue_plus,
          kennysheep_little_box, shop, shop, okawaru_ov_weapons_minmay
D:15:     grunt_enter_depths_giant_problem, layout_gridville,
          portal_ice_cave_rime
Lair:1:   dpeg_oklob_gauntlet, layout_gridlike, worms_lemuel
Lair:2:   layout_long_grid, minmay_swamp_entry_worms, gammafunk_ghost_arena,
          minivault_27, uniq_erica
Lair:3:   layout_gridlike, guppyfry_snake_entry_island, lemuel_another_geyser
Lair:4:   layout_hall_layers, beast_lair_carwin_3, uniq_snorg
Lair:5:   layout_roguey, slime_altar_1, grunt_megastairs_2
Lair:6:   grunt_lair_end_beastmaster, layout_gridlike
Swamp:1:  layout_basic_swamp, hangedman_swamp_blocks, swamp_pool1
Swamp:2:  layout_basic_swamp, nicolae_swamp_triple_paths
Swamp:3:  layout_falls_marsh, evilmike_swamp_ruin_house_1, swamp_pool1,
          uniq_jorgrun
Swamp:4:  grunt_swamp_rune_castle, layout_basic_swamp, swamp_pool1,
          nicolae_swamp_fairy_circle, uniq_louise
Orc:1:    layout_diamond_mine
Orc:2:    pubby_orc_utopia

Skill      XL: |  1  2  3  4  5  6  7  8  9 10 11 12 13 14 15 16 17 |
---------------+----------------------------------------------------+-----
Armour         | 1 2 3 4 5 6 7 8 9 10 11 12 13 | 13.4
Fighting       | 4 5 6 8 9 10 11 12 13 14 15 | 15.0
Axes           | 5 6 7 8 10 11 12 14 15 16 | 16.0
Dodging        | 3 4 5 6 7 8 9 |  9.5
Shields        | 2 4 5 7 8 9 10 11 12 | 12.4
Invocations    | 2 4 6 8 10 11 12 14 15 | 15.2
Polearms       | 4 |  4.1
Short Blades   | 1 2 |  2.8
Maces & Flails | 4 |  4.0
Stealth        | |  1.5

Action                   |  1- 3 |  4- 6 |  7- 9 | 10-12 | 13-15 | 16-18 || total
-------------------------+-------+-------+-------+-------+-------+-------++-------
Melee: Hand axe          |   119 |   313 |   128 |       |       |       ||   560
       War axe           |       |       |   255 |   116 |   651 |   554 ||  1576
       Broad axe         |       |       |    14 |   464 |       |       ||   478
Throw: Throwing net      |       |       |       |       |       |     1 ||     1
Invok: Convert to Beogh  |       |       |     1 |       |       |       ||     1
       Recall Orcish Fol |       |       |       |     4 |     7 |    11 ||    22
       Give Item to Name |       |       |       |     2 |     1 |     3 ||     6
       Resurrection      |       |       |       |       |     2 |     1 ||     3
       Smiting           |       |       |       |       |       |     4 ||     4
Evoke: Wand              |       |       |       |       |     9 |     4 ||    13
  Use: Scroll            |     2 |     3 |    14 |    11 |     7 |    13 ||    50
       Potion            |       |     2 |    15 |     8 |     2 |     3 ||    30
 Stab: Distracted        |       |       |       |     4 |     9 |     5 ||    18
       Paralysed         |       |       |       |       |     1 |     3 ||     4
       Petrifying        |       |       |       |       |     2 |       ||     2
       Petrified         |       |       |       |       |     1 |       ||     1
Armor: Chain mail        |    95 |   179 |    20 |       |       |       ||   294
       Robe              |     5 |       |       |       |       |       ||     5
       Plate armour      |       |       |   385 |   385 |   283 |   185 ||  1238
Dodge: Dodged            |    58 |    93 |   114 |   172 |   203 |   260 ||   900
Block: Kite shield       |       |       |   166 |   365 |   298 |   357 ||  1186
       Reflection        |       |       |       |       |       |     5 ||     5
